 Dungeon Crawl Stone Soup version 0.28.0-62-gf88900778d (webtiles) character file.

Game seed: 12286569740608526551

2433 tkbsonic5 the Magician (level 9, -4/65 HPs)
             Began as a Gnoll Fire Elementalist on Mar 1, 2023.
             Was an Elder of Okawaru.
             Slain by a hornet (12 damage)
             ... on level 7 of the Dungeon.
             The game lasted 00:29:45 (8258 turns).

tkbsonic5 the Magician (Gnoll Fire Elementalist)    Turns: 8258, Time: 00:29:45

Health: -4/65      AC:  7    Str: 11    XL:     9   Next: 48%
Magic:  18/28      EV: 12    Int: 16    God:    Okawaru [****..]
Gold:   285        SH:  0    Dex: 12    Spells: 8/21 levels left

rFire   + . .      SeeInvis .   j - +1 scythe (venom)
rCold   + . .      Faith    .   (shield currently unavailable)
rNeg    . . .      Spirit   .   k - +0 ring mail
rPois   +          Reflect  .   (no helmet)
rElec   +          Harm     .   s - +0 cloak
rCorr   +          Rampage  .   (no gloves)
Will    +....                   (no boots)
Stlth   ++........              (no amulet)
HPRegen 0.20/turn               p - ring of willpower
MPRegen 0.21/turn               h - ring of magical power

@: resistant
A: fangs 1, strong nose, distributed training
a: Renounce Religion, Heroism, Finesse


You were on level 7 of the Dungeon.
You worshipped Okawaru.
Okawaru was greatly pleased with you.
You visited 1 branch of the dungeon, and saw 7 of its levels.

You collected 285 gold pieces.

Inventory:

Hand Weapons
 j - a +1 scythe of venom (weapon)
 r - a +3 quarterstaff of chaos
 v - the +7 dagger of Radicalism {flame, rPois}
   (You found it on level 6 of the Dungeon)

   It burns those it strikes, dealing additional fire damage.
   rPois:     It protects you from poison.
 x - a +2 flail of holy wrath
Missiles
 c - 50 sling bullets
 l - 12 poisoned darts (quivered)
 m - 22 bolts
 o - 94 arrows
 z - 12 boomerangs
Armour
 a - a +1 robe
 d - a +0 leather armour
 k - a +0 ring mail (worn)
 n - a +0 scale mail
 s - a +0 cloak (worn)
 t - a +0 chain mail
 y - a +0 buckler
Magical Staves
 F - a staff of poison
Jewellery
 h - a ring of magical power (right hand)
 p - a ring of willpower (left hand)
Wands
 w - a wand of iceblast (12)
 B - a wand of acid (8)
Scrolls
 g - 2 scrolls of blinking
 C - a scroll of noise {unknown}
 D - 2 scrolls of teleportation
Potions
 b - 3 potions of curing
 e - a potion of resistance
 f - 3 potions of flight
 i - 2 potions of attraction
 q - a potion of cancellation
 u - a potion of magic {unknown}
 A - a potion of heal wounds {unknown}
 E - 2 potions of brilliance {unknown}


   Skills:
 + Level 4.3 Fighting
 + Level 4.3 Short Blades
 + Level 4.3 Long Blades
 + Level 4.3 Axes
 + Level 4.3 Maces & Flails
 + Level 4.3 Polearms
 + Level 4.3 Staves
 + Level 4.3 Slings
 + Level 4.3 Bows
 + Level 4.3 Crossbows
 + Level 4.3 Throwing
 + Level 4.3 Armour
 + Level 6.3 Dodging
 + Level 6.1 Stealth
 + Level 4.3 Shields
 + Level 4.3 Unarmed Combat
 + Level 6.6 Spellcasting
 + Level 4.2 Conjurations
 + Level 3.5 Hexes
 + Level 3.5 Summonings
 + Level 3.5 Necromancy
 + Level 3.5 Translocations
 + Level 3.5 Transmutations
 + Level 6.6 Fire Magic
 + Level 3.5 Ice Magic
 + Level 3.5 Air Magic
 + Level 3.5 Earth Magic
 + Level 3.5 Poison Magic
 + Level 4.7 Invocations
 + Level 4.3 Evocations


You had 8 spell levels left.
You knew the following spells:

 Your Spells              Type           Power      Damage    Failure   Level
a - Foxfire               Conj/Fire      88%        2x1d8     3%          1
b - Scorch                Fire           52%        2d7       2%          2
c - Conjure Flame         Conj/Fire      22%        6-21      10%         3
d - Inner Flame           Hex/Fire       21%        N/A       11%         3
e - Flame Wave            Conj/Fire      22%        2d7       30%         4

Your spell library contained the following spells:

 Spells                   Type           Power      Damage    Failure   Level
 Ozocubu's Armour         Ice            16%        N/A       21%         3
 Metabolic Englaciation   Hex/Ice        8%         N/A       88%         5
 Simulacrum               Ice/Necr       Unusable   N/A       N/A         6

Dungeon Overview and Level Annotations

Branches:
Dungeon (7/15)             Temple (0/1) D:6

Altars:
Elyvilon
Fedhas
Makhleb
Okawaru
Uskayaw

Shops:
D:1 [   D:4 =


Innate Abilities, Weirdness & Mutations

You have very sharp teeth.
Your uncanny sense of smell can sniff out nearby items.
Your experience applies equally to all skills.


Message History

You hear an angry buzzing noise.
The orc barely misses you.
You hit the orc.
You kill the orc!
Okawaru accepts your kill.
A hornet comes into view.
Casting: Conjure Flame (dangerous; 10% risk of failure)
Confirm with . or Enter, or press ? or * to list all spells.
Okay, then.
Casting: Conjure Flame (dangerous; 10% risk of failure)
Confirm with . or Enter, or press ? or * to list all spells.
Okay, then.
Casting: Conjure Flame (dangerous; 10% risk of failure)
Confirm with . or Enter, or press ? or * to list all spells.
Flames lash the hornet.
The hornet is lightly wounded.
The hornet's fire resistance burns away.
The hornet stings you.
* * * LOW HITPOINT WARNING * * *
Casting: Scorch (safe; 2% risk of failure)
Confirm with . or Enter, or press ? or * to list all spells.
Flames lash the hornet.
The hornet is burned terribly!
The hornet is heavily wounded.
The hornet stings you.
* * * LOW HITPOINT WARNING * * *
You are poisoned.
You feel yourself slow down.
Casting: Scorch (safe; 2% risk of failure)
Confirm with . or Enter, or press ? or * to list all spells.
Flames lash the hornet.
The hornet is burned terribly!
The hornet is almost dead.
* * * LOW HITPOINT WARNING * * *
You feel very sick. The hornet closely misses you. The hornet stings you!
* * * LOW HITPOINT WARNING * * *
The hornet closely misses you.
You feel better.
You feel yourself speed up. The hornet stings you!
You die...

#.# #.# #.# #.# ∆#
######.####.#
#...........#
#.###..##...#
#######.###).#....###
...........@y.......
######.###)##......
#.# #.# #...## ##.#
#.# #.## #..#
#)####.# #.##
#)..§).# #.# ######)#
#.# #)# #<#########o#


You could see a hornet (combustible).

Vanquished Creatures
  Sigmund (D:2)
  5 yaks (D:6)
  A water moccasin (D:6)
  A black bear (D:6)
  2 orc warriors (D:7)
  An ice beast (D:6)
  3 ogres
  A phantom (D:5)
  A bullfrog (D:6)
  A scorpion (D:6)
  A howler monkey (D:4)
  Crazy Yiuf (D:2)
  4 hounds
  An orc priest (D:7)
  A gnoll shaman (D:2)
  A bullfrog skeleton (D:4)
  Terence (D:2)
  An iguana (D:6)
  3 orc wizards (D:7)
  3 adders
  12 gnolls
  A dart slug (D:2)
  20 orcs
  9 endoplasms
  3 giant cockroaches
  8 goblins
  3 hobgoblins
  12 jackals
  4 quokkas
  6 ball pythons
  7 bats
  3 frilled lizards
  3 kobolds
  5 rats
130 creatures vanquished.

Vanquished Creatures (collateral kills)
  2 foxfires (D:1)
2 creatures vanquished.

Vanquished Creatures (others)
  316 foxfires
  8 plants (D:3)
324 creatures vanquished.

Grand Total: 456 creatures vanquished

Notes
Turn   | Place    | Note
-------+----------+-------------------------------------------
     0 | D:1      | tkbsonic5 the Gnoll Fire Elementalist began the quest for
                  | the Orb.
     0 | D:1      | Reached XP level 1. HP: 13/13 MP: 6/6
    35 | D:1      | Found Egesos's Antique Armour Boutique.
   387 | D:1      | Reached XP level 2. HP: 19/19 MP: 4/7
   516 | D:1      | Found a faded altar of an unknown god.
   525 | D:1      | Prayed at the altar of an unknown god.
   525 | D:1      | Became a worshipper of Warmaster Okawaru
   525 | D:1      | Reached * piety under Okawaru
  1231 | D:2      | Reached XP level 3. HP: 25/25 MP: 7/9
  1246 | D:2      | Reached skill level 5 in Spellcasting
  1338 | D:2      | Learned a level 2 spell: Scorch
  1342 | D:2      | Learned a level 3 spell: Conjure Flame
  1346 | D:2      | Learned a level 3 spell: Inner Flame
  1567 | D:2      | Noticed Sigmund
  1629 | D:2      | Reached skill level 1 in Invocations
  1727 | D:2      | Noticed Terence
  2138 | D:2      | Killed Terence
  2139 | D:2      | Reached skill level 1 in Fighting
  2139 | D:2      | Reached skill level 1 in Short Blades
  2139 | D:2      | Reached skill level 1 in Long Blades
  2139 | D:2      | Reached skill level 1 in Axes
  2139 | D:2      | Reached skill level 1 in Maces & Flails
  2139 | D:2      | Reached skill level 1 in Polearms
  2139 | D:2      | Reached skill level 1 in Staves
  2139 | D:2      | Reached skill level 1 in Slings
  2139 | D:2      | Reached skill level 1 in Bows
  2139 | D:2      | Reached skill level 1 in Crossbows
  2139 | D:2      | Reached skill level 1 in Throwing
  2139 | D:2      | Reached skill level 1 in Armour
  2139 | D:2      | Reached skill level 1 in Shields
  2139 | D:2      | Reached skill level 1 in Unarmed Combat
  2139 | D:2      | Reached skill level 1 in Evocations
  2139 | D:2      | Reached XP level 4. HP: 32/32 MP: 1/11
  2224 | D:2      | Killed Sigmund
  2224 | D:2      | Reached ** piety under Okawaru
  2225 | D:2      | Reached skill level 1 in Hexes
  2225 | D:2      | Reached skill level 1 in Summonings
  2225 | D:2      | Reached skill level 1 in Necromancy
  2225 | D:2      | Reached skill level 1 in Translocations
  2225 | D:2      | Reached skill level 1 in Transmutations
  2225 | D:2      | Reached skill level 1 in Ice Magic
  2225 | D:2      | Reached skill level 1 in Air Magic
  2225 | D:2      | Reached skill level 1 in Earth Magic
  2225 | D:2      | Reached skill level 1 in Poison Magic
  2225 | D:2      | Reached XP level 5. HP: 38/38 MP: 5/12
  2518 | D:2      | Reached XP level 6. HP: 44/44 MP: 10/13
  2751 | D:2      | Found a runed translucent door.
  2752 | D:2      | Noticed Crazy Yiuf
  2892 | D:2      | Killed Crazy Yiuf
  3261 | D:3      | Learned a level 4 spell: Flame Wave
  3383 | D:2      | Reached skill level 5 in Dodging
  4770 | D:4      | Found a white marble altar of Elyvilon.
  4803 | D:4      | Found Beigisch's Jewellery Emporium.
  4849 | D:4      | Reached XP level 7. HP: 50/50 MP: 8/15
  5375 | D:4      | Found a burning altar of Makhleb.
  6147 | D:5      | Entered Level 5 of the Dungeon
  6608 | D:5      | Reached *** piety under Okawaru
  6609 | D:5      | Reached skill level 5 in Stealth
  6938 | D:6      | Identified the +7 dagger of Radicalism {flame, rPois}
  6954 | D:6      | Reached XP level 8. HP: 55/57 MP: 7/16
  7231 | D:6      | Found a blossoming altar of Fedhas.
  7490 | D:6      | Found a staircase to the Ecumenical Temple.
  7600 | D:6      | Noticed a yak
  7604 | D:6      | Noticed a yak
  7604 | D:6      | Noticed a yak
  7605 | D:6      | Noticed a yak
  7606 | D:6      | Noticed a yak
  7608 | D:6      | Killed a yak
  7627 | D:6      | Killed a yak
  7646 | D:6      | Killed a yak
  7646 | D:6      | Reached **** piety under Okawaru
  7647 | D:6      | Reached XP level 9. HP: 65/65 MP: 8/18
  7749 | D:6      | Found a hide-covered altar of Uskayaw.
  8254 | D:7      | Noticed a hornet
  8257 | D:7      | HP: 1/65 [hornet (11)]
  8258 | D:7      | Slain by a hornet

Illustrated notes

Levels and vault maps discovered:
D:1:      evilmike_arrival_crescent, layout_loops_ring, serial_shops,
          nicolae_shop_overgrown_old_shop, basic_ecumenical_altar,
          hangedman_decor_clover_reticule
D:2:      layout_basic, uniq_terence, uniq_crazy_yiuf_cottage, uniq_sigmund
D:3:      layout_basic, nicolae_grassy_gnolls
D:4:      layout_layer_cave, lightli_temple_of_fire,
          mainiacjoe_overflow_alcove_1, serial_shops, shop
D:5:      layout_loops_ring
D:6:      nicolae_cairo_tiling_large_dashed, layout_cave_pools,
          eat_drink_and_be_merry_uskayaw, old_standard_altar,
          minmay_temple_entry_antechambers, serial_bayou_crossing
D:7:      gammafunk_cloud_chamber, layout_loops_ring, uniq_joseph

Skill      XL: |  1  2  3  4  5  6  7  8  9 |
---------------+----------------------------+-----
Conjurations   | 2 3 4 |  4.2
Spellcasting   | 5 6 |  6.6
Invocations    | 1 2 3 4 |  4.7
Fighting       | 1 2 3 4 |  4.3
Short Blades   | 1 2 3 4 |  4.3
Long Blades    | 1 2 3 4 |  4.3
Axes           | 1 2 3 4 |  4.3
Maces & Flails | 1 2 3 4 |  4.3
Polearms       | 1 2 3 4 |  4.3
Staves         | 1 2 3 4 |  4.3
Slings         | 1 2 3 4 |  4.3
Bows           | 1 2 3 4 |  4.3
Crossbows      | 1 2 3 4 |  4.3
Throwing       | 1 2 3 4 |  4.3
Armour         | 1 2 3 4 |  4.3
Shields        | 1 2 3 4 |  4.3
Unarmed Combat | 1 2 3 4 |  4.3
Evocations     | 1 2 3 4 |  4.3
Hexes          | 1 2 3 |  3.5
Summonings     | 1 2 3 |  3.5
Necromancy     | 1 2 3 |  3.5
Translocations | 1 2 3 |  3.5
Transmutations | 1 2 3 |  3.5
Ice Magic      | 1 2 3 |  3.5
Air Magic      | 1 2 3 |  3.5
Earth Magic    | 1 2 3 |  3.5
Poison Magic   | 1 2 3 |  3.5
Dodging        | 5 6 |  6.3
Stealth        | 5 6 |  6.1
Fire Magic     | 6 |  6.6

Action                   |  1- 3 |  4- 6 |  7- 9 || total
-------------------------+-------+-------+-------++-------
Melee: Club              |    32 |       |       ||    32
       Bite              |     4 |       |     5 ||     9
       Scythe            |       |     9 |    59 ||    68
       Dagger            |       |       |     4 ||     4
Throw: Dart              |     9 |     8 |    13 ||    30
 Cast: Foxfire           |    73 |    69 |    75 ||   217
       Scorch            |    11 |    21 |    35 ||    67
       Conjure Flame     |       |     2 |     6 ||     8
Invok: Heroism           |       |       |     2 ||     2
       Finesse           |       |       |     1 ||     1
  Use: Scroll            |     4 |     2 |     8 ||    14
       Potion            |       |     1 |     4 ||     5
 Stab: Sleeping          |       |       |     2 ||     2
       Distracted        |       |       |     2 ||     2
Armor: Leather armour    |     9 |     3 |       ||    12
       Ring mail         |    10 |     3 |    26 ||    39
       Robe              |     1 |       |     2 ||     3
Dodge: Dodged            |    39 |    18 |    34 ||    91
